 Dungeon Crawl Stone Soup version 0.24.0-13-gcf9b319 (webtiles) character file.

Game seed: 7411813236839941231, levelgen mode: deterministic

177 Fang the Shield-Bearer (level 5, 0/34 HPs)
             Began as a Gargoyle Fighter on Jan 2, 2020.
             Slain by a river rat (3 damage)
             ... in a sewer.
             The game lasted 00:02:00 (2018 turns).

Fang the Shield-Bearer (Gargoyle Fighter)           Turns: 2018, Time: 00:02:01

Health: 0/34       AC: 11    Str: 25    XL:     5   Next: 57%
Magic:  5/5        EV:  7    Int:  9    God:
Gold:   105        SH: 10    Dex:  9    Spells: 4/4 levels left

rFire    . . .     SeeInvis .   a - +0 war axe
rCold    . . .     Gourm    .   c - +0 shield
rNeg     + . .     Faith    .   b - +0 scale mail
rPois    ∞         Spirit   .   (no helmet)
rElec    +         Reflect  .   (no cloak)
rCorr    .         Harm     .   (no gloves)
MR       .....                  (no boots)
Stlth    ..........             s - amulet of the acrobat
HPRegen  0.11/turn              (no ring)
MPRegen  0.09/turn              (no ring)

@: mighty, very slow
A: negative energy resistance 1, electricity resistance, unbreathing,
petrification resistance, rot immunity, AC +4
a: no special abilities


You were in a sewer.
You were not hungry.

You visited 1 branch of the dungeon, and saw 3 of its levels.
You also visited: Sewer.

You collected 105 gold pieces.

Inventory:

Hand Weapons
 a - a +0 war axe (weapon)
Armour
 b - a +0 scale mail (worn)
 c - a +0 shield (worn)
Jewellery
 s - an amulet of the acrobat (around neck)
Scrolls
 e - a scroll of amnesia
 i - a scroll of identify
 l - a scroll of fog
 o - a scroll of noise
Potions
 d - a potion of might
 g - a potion of curing {unknown}
 h - a potion of magic {unknown}
 k - a potion of ambrosia {unknown}
 m - a potion of invisibility
 q - a potion of degeneration {unknown}
Comestibles
 f - 8 rations
 j - 2 chunks of flesh


   Skills:
 + Level 4.3 Fighting
 + Level 3.0 Axes
 + Level 4.3 Armour
 + Level 4.3 Shields


You had 4 spell levels left.
You didn't know any spells.
Your spell library was empty.

Dungeon Overview and Level Annotations

Branches:
Dungeon (3/15)              Sewer (1/1)

Altars:
Dithmenos
Ru
Uskayaw
Yredelemnul


Innate Abilities, Weirdness & Mutations

You are resistant to torment.
Your stone body is resilient. (AC +4)
You are immune to poison.
You resist negative energy. (rN+)
You are resistant to electric shocks. (rElec)
You can survive without breathing.
You are immune to petrification.
You are immune to rotting.


Message History

You slash the river rat!
The river rat bites you but does no damage.
You block the river rat's attack. You block the river rat's attack.
You see here a river rat corpse.
You barely miss the river rat.
The river rat is almost dead.
You block the river rat's attack. The river rat bites you.
* * * LOW HITPOINT WARNING * * *
You closely miss the river rat.
The river rat is almost dead.
The river rat bites you but does no damage.
Your unstable footing causes you to fumble your attack.
The river rat bites you but does no damage.
The river rat completely misses you.
Your unstable footing causes you to fumble your attack.
You block the river rat's attack.
Your unstable footing causes you to fumble your attack.
The river rat bites you.
You die...

## # ## ##. #
##################..
###.#≈≈≈≈≈≈≈≈≈≈≈≈≈≈≈....
#....≈≈≈≈≈≈≈≈≈≈≈≈≈≈≈....
.....≈≈†r≈≈≈≈≈≈≈≈≈≈≈....
.....≈≈@≈≈#≈≈≈≈≈≈≈≈≈....
.....≈≈≈≈#≈≈≈≈≈≈≈≈≈≈....
....#≈≈≈≈≈≈≈≈.≈≈≈≈≈≈#.##
... ###################
.


You could see a river rat.

Vanquished Creatures
  A hound (D:3)
  A gnoll (D:2)
  4 adders
  4 river rats
  An ooze (D:1)
  2 worms (D:2)
  2 leopard geckos
  2 ball pythons
  A giant cockroach (D:3)
  4 hobgoblins
  A quokka (D:3)
  8 bats
  4 frilled lizards
  5 goblins
  5 kobolds
  21 rats
  A spectral orc (D:2)
67 creatures vanquished.

Notes
Turn   | Place    | Note
-------+----------+-------------------------------------------
     0 | D:1      | Fang the Gargoyle Fighter began the quest for the Orb.
     0 | D:1      | Reached XP level 1. HP: 14/14 MP: 1/1
    97 | D:1      | Reached XP level 2. HP: 18/19 MP: 2/2
   666 | D:2      | Found a shadowy altar of Dithmenos.
   761 | D:2      | Reached XP level 3. HP: 23/23 MP: 3/3
   783 | D:2      | Found a sacrificial altar of Ru.
   864 | D:2      | Found a hide-covered altar of Uskayaw.
  1143 | D:2      | Found a basalt altar of Yredelemnul.
  1272 | D:2      | Reached XP level 4. HP: 24/29 MP: 4/4
  1652 | D:3      | Reached XP level 5. HP: 28/33 MP: 5/5
  1674 | D:3      | Found a glowing drain.
  1686 | Sewer    | Entered a sewer
  2018 | Sewer    | Slain by a river rat

Levels and vault maps discovered:
D:1:      scummos_arrival_checkerplants, layout_loops_ring
D:2:      layout_loops_corners, marbit_many_paths,
          nicolae_overflow_crystal_walls, lemuel_round_altar,
          yredelemnul_forgotten_temple_becter
D:3:      layout_basic, led_sif_book, portal_sewer_entry_b, first_ration,
          minmay_ruptured
Sewer:    sewer_minmay_w

Skill      XL: |  1  2  3  4  5 |
---------------+----------------+-----
Axes           | 2 3 |  3.0
Fighting       | 4 |  4.3
Shields        | 4 |  4.3
Armour         | 4 |  4.3

Action                   |  1- 3 |  4- 6 || total
-------------------------+-------+-------++-------
Melee: War axe           |   137 |   104 ||   241
  Use: Scroll            |       |     8 ||     8
       Potion            |       |     1 ||     1
  Eat: Chunk             |     1 |     3 ||     4
Armor: Scale mail        |    84 |    70 ||   154
Dodge: Dodged            |    59 |    56 ||   115
Block: Shield            |    83 |    71 ||   154
